cohdb
Replays
Latest Replays
All Replays
Popular Replays
Top Player Replays
Match Explorer
How It Works
Community
CoH3 Stats
Reddit
Sign in to upload your games and track your stats! →
Sign in with Steam
Match 45535312
Unlisted
Match 45535312
Overview
Messages
Build Orders
End
Scout Squad
Construct Barracks
Selects Armored Battlegroup
Selects Veteran Crews
1⁄4-ton 4x4 Truck
Engineer Squad
Riflemen Squad
Riflemen Squad
Riflemen Squad
Construct Medical Station
Infantry Support Center
Construct Motor Pool
M8 Greyhound Armored Car
Selects Fast Deploy
Selects Field Repairs
Field Repairs
M1918 Browning Automatic Rifles
Selects War Machine
Engineer Squad
Grenade Package
M24 Chaffee Light Tank
M1 Anti-tank Gun Team
Selects Seek and Destroy
M1 Anti-tank Gun Team
M24 Chaffee Light Tank
Riflemen Squad
Construct Weapon Support Center
Captain Retinue
Engineer Squad
Construct Weapon Support Center
M1919 Machine Gun Team
Selects UNKNOWN (2160077)
Construct Tank Depot
Riflemen Squad
M4A3E8 Sherman Easy Eight
Field Repairs
Bazooka Squad
M4A3E8 Sherman Easy Eight
Field Repairs
_
Mael Radec
0
0
Comments
sign in to comment!
No comments posted yet!